 Dungeon Crawl Stone Soup version 0.15-a0-23-gfd8676b (webtiles) character file.

1173 4tharraofdagon the Grappler (level 8, -4/74 HPs)
             Began as a Troll Monk on Mar 31, 2014.
             Was a Believer of Cheibriados.
             Slain by an ogre
             ... wielding a +0,+0 giant spiked club
              (29 damage)
             ... on Level 8 of the Dungeon.
             The game lasted 00:07:48 (1462 turns).

4tharraofdagon the Grappler (Troll Monk)            Turns: 1462, Time: 00:07:48

HP  -4/74        AC  7     Str 31      XL: 8   Next: 14%
MP   3/3         EV 11     Int 10      God: Cheibriados [**....]
Gold 33          SH  0     Dex 16      Spells:  0 memorised,  7 levels left

rFire  . . .     SeeInvis +       - Unarmed
rCold  . . .     Clarity  .     a - +0 robe
rNeg   . . .     Conserve .     (shield restricted)
rPois  +         rCorr    .     (helmet restricted)
rElec  .         rRot     .     g - +1 cloak
SustAb . .       Spirit   .     (gloves unavailable)
rMut   .         Warding  .     (boots unavailable)
Gourm  +         Stasis   .     (no amulet)
MR     .....                    (no ring)
                                (no ring)

@: mighty, very slightly contaminated, very slow, not resistant to hostile
enchantments, unstealthy
A: unfitting armour, claws 3, see invisible, fast metabolism 3, gourmand,
mutation resistance 1, poison resistance, regeneration 2, saprovore 2, shaggy
fur 1, tough skin 2
a: Bend Time, Renounce Religion


You were on level 8 of the Dungeon.
You worshipped Cheibriados.
Cheibriados was pleased with you.
You were completely stuffed.

You visited 1 branch of the dungeon, and saw 8 of its levels.
You also visited: Ossuary.

You collected 93 gold pieces.
You spent 60 gold pieces at shops.

Inventory:

Missiles
 t - 27 darts (quivered)
Armour
 a - a +0 robe (worn)
 g - a +1 cloak (worn)
Comestibles
 b - 3 meat rations
 c - a choko
Scrolls
 d - 2 scrolls of teleportation
 e - 2 scrolls of immolation
 h - a scroll of fog
 i - a scroll of amnesia {unknown}
 p - a scroll of enchant weapon II {unknown}
 r - a scroll of remove curse
 s - a scroll of enchant armour
 v - a scroll of magic mapping
 x - a scroll of fear
Potions
 j - a potion of heal wounds
 k - a potion of curing
 l - a potion of lignification
 m - 2 potions of restore abilities
 n - a potion of poison
 o - a potion of might
 q - 2 potions of berserk rage
 u - a potion of magic
Books
 y - a book of Summonings

   Spells                             Type                      Level
   Abjuration                         Summoning                    3
   Recall                             Summoning/Translocation      3
   Summon Elemental                   Summoning                    4
   Shadow Creatures                   Summoning                    5
   Summon Demon                       Summoning                    5
   Monstrous Menagerie                Summoning                    6


   Skills:
 - Level 2.4 Fighting
 - Level 2.4 Dodging
 - Level 1.1 Stealth
 * Level 10.4 Unarmed Combat


You had 7 spell levels left.
You didn't know any spells.

Dungeon Overview and Level Annotations

Branches:
Dungeon (8/15)
 Temple: D:4-7         Lair: D:8-11

Altars:
Cheibriados
Yredelemnul

Shops:
D:7 *

Annotations:
D:8 Prince Ribbit


Innate Abilities, Weirdness & Mutations

You are too large for most types of armour.
You have claws for hands.
Your metabolism is lightning-fast.
You like to eat raw meat.
You heal very quickly.
You can eat rotten meat.
You are covered in fur (AC +1).
You have very tough skin (AC +2).
You have supernaturally acute eyesight.
You are somewhat resistant to further mutation.
Your system is resistant to poisons.


Message History

Cheibriados thoroughly appreciates the change of pace.
Unknown command.
You claw the orc priest!
The orc priest begins to bleed from its wounds!
The orc priest is severely wounded.
The orc priest barely misses you.
Unknown command.
You hit the orc priest.
You kill the orc priest!
Cheibriados appreciates the change of pace.
Unknown command.
You claw the ogre!
The ogre begins to bleed from its wounds!
The ogre is heavily wounded.
The ogre hits you with a giant spiked club!
Unknown command.
You hit the ogre.
The ogre is almost dead.
The ogre hits you with a giant spiked club!
You die...

#.# .. #.##. #...
#..# #..# #..#
#####)#
#.....#####.#. . #
#@###.........
#..F.#.#O#####.######
F...o..bI...# .#
#.##.#.#g##.O.g.#
#.#.# ##.## . #.. ..
### b. .


You could see an ice beast, an ogre (bleeding), a hobgoblin and a bat.

Vanquished Creatures
  The ghost of miro the Magician, an average DECj (Ossuary)
  An orc warrior (D:8)
  An ogre (D:7)
  A black bear (D:6)
  3 giant frogs (D:7)
  6 killer bees
  A crimson imp (D:5)
  A centaur skeleton (D:5)
  A quasit (D:6)
  A worker ant (D:4)
  An orc wizard (D:7)
  2 orc priests
  A mummy (Ossuary)
  A shadow imp (D:7)
  A worm (D:2)
  A giant gecko (D:2)
  12 orcs
  A ball python (D:1)
  5 bats
  A giant cockroach (D:5)
  A hobgoblin (D:5)
  5 jackals
  A giant newt (D:2)
  3 gnoll skeletons (Ossuary)
  6 goblins
  2 kobolds
  3 kobold skeletons (Ossuary)
  A kobold zombie (D:5)
  20 orc skeletons
  6 rats
  2 ballistomycetes (D:7)
93 creatures vanquished.

Vanquished Creatures (others)
  A giant spore (D:7)
  An orc skeleton (Ossuary)
2 creatures vanquished.

Grand Total: 95 creatures vanquished

Notes
Turn   | Place    | Note
--------------------------------------------------------------
     0 | D:1      | 4tharraofdagon, the Troll Monk, began the quest for the Orb.
     0 | D:1      | Reached XP level 1. HP: 22/22 MP: 1/1
   165 | D:2      | Reached XP level 2. HP: 27/29 MP: 1/1
   325 | D:4      | Reached skill level 5 in Unarmed Combat
   325 | D:4      | Reached XP level 3. HP: 34/36 MP: 2/2
   328 | D:4      | Found a basalt altar of Yredelemnul.
   391 | D:5      | Entered Level 5 of the Dungeon
   397 | D:5      | Reached XP level 4. HP: 44/44 MP: 2/2
   438 | D:5      | Found a sand-covered staircase.
   446 | Ossuary  | Entered an ossuary
   446 | Ossuary  | Noticed a guardian mummy
   446 | Ossuary  | Noticed a guardian mummy
   446 | Ossuary  | Noticed a guardian mummy
   474 | Ossuary  | Reached skill level 6 in Unarmed Combat
   511 | Ossuary  | Noticed miro's ghost (average DECj)
   545 | Ossuary  | Noticed a guardian mummy
   607 | Ossuary  | Killed miro's ghost
   607 | Ossuary  | Reached skill level 7 in Unarmed Combat
   607 | Ossuary  | Reached XP level 5. HP: 17/50 MP: 2/2
   725 | Ossuary  | Gained mutation: Your system is resistant to poisons. [potion of mutation]
   725 | Ossuary  | Gained mutation: You have supernaturally acute eyesight. [potion of mutation]
   725 | Ossuary  | Gained mutation: You are somewhat resistant to further mutation. [potion of mutation]
   837 | D:5      | Reached XP level 6. HP: 59/59 MP: 3/3
   976 | D:7      | Reached skill level 8 in Unarmed Combat
   994 | D:7      | Reached XP level 7. HP: 16/66 MP: 3/3
  1219 | D:7      | Reached skill level 9 in Unarmed Combat
  1266 | D:7      | Found Ihubas' Assorted Antiques.
  1271 | D:7      | Bought a scroll labeled THA SHRONUG for 30 gold pieces
  1271 | D:7      | Bought a scroll labeled YJIUKASTR CLOAWIV for 30 gold pieces
  1315 | D:7      | Found a snail-covered altar of Cheibriados.
  1425 | D:7      | Became a worshipper of Cheibriados the Contemplative
  1435 | D:8      | Reached skill level 10 in Unarmed Combat
  1447 | D:8      | Noticed Prince Ribbit
  1449 | D:8      | Reached XP level 8. HP: 63/74 MP: 3/3
  1462 | D:8      | Slain by an ogre

Action                   |  1- 3 |  4- 6 |  7- 9 || total
-------------------------+-------+-------+-------++-------
Melee: Unarmed           |    59 |   117 |    66 ||   242
  Use: Scroll            |       |     8 |     8 ||    16
       Potion            |       |     2 |     1 ||     3
 Stab: Distracted        |     1 |       |       ||     1
       Invisible         |       |     1 |       ||     1
